 Dungeon Crawl Stone Soup version 0.29.1-1-gd02db6906a (webtiles) character file.

Game seed: 9588939631634787495

1409 Godmorgon the Zephyrmancer (level 8, -6/41 HPs)
             Began as a Tengu Air Elementalist on Oct 15, 2022.
             Was an Initiate of Vehumet.
             Killed from afar by an orc wizard (11 damage)
             ... with a puff of flame
             ... on level 6 of the Dungeon.
             The game lasted 00:16:39 (7968 turns).

Godmorgon the Zephyrmancer (Tengu Air Elementalist) Turns: 7968, Time: 00:16:40

Health: -6/41      AC:  3    Str:  9    XL:     8   Next: 70%
Magic:  10/16      EV: 14    Int: 24    God:    Vehumet [......]
Gold:   366        SH:  0    Dex: 14    Spells: 14/17 levels left

rFire   . . .      SeeInvis .   a - +1 dagger (venom)
rCold   + . .      Faith    .   (no shield)
rNeg    . . .      Spirit   .   d - +0 robe
rPois   .          Reflect  .   (helmet restricted)
rElec   .          Harm     .   s - +0 cloak
rCorr   .          Rampage  .   (no gloves)
Will    .....                   (boots unavailable)
Stlth   ++........              (no amulet)
HPRegen 0.13/turn               E - ring of protection from cold
MPRegen 0.15/turn               C - +6 ring of intelligence

@: flying quickly and evasively, quick
A: beak, talons 3, nimble flight
a: Renounce Religion


You were on level 6 of the Dungeon.
You worshipped Vehumet.
Vehumet was noncommittal.
You visited 2 branches of the dungeon, and saw 7 of its levels.

You collected 366 gold pieces.

Inventory:

Hand Weapons
 a - a +1 dagger of venom (weapon)
Armour
 d - a +0 robe (worn)
 s - a +0 cloak (worn)
Magical Staves
 A - a staff of earth
Jewellery
 n - a ring of see invisible
 C - a +6 ring of intelligence (right hand)
 E - a ring of protection from cold (left hand)
Wands
 c - a wand of mindburst (12)
 l - a wand of paralysis (5)
 y - a wand of acid (16)
Scrolls
 b - a scroll of amnesia {unknown}
 e - a scroll of poison {unknown}
 i - 2 scrolls of enchant weapon
 j - 2 scrolls of enchant armour
 q - 2 scrolls of torment
 r - a scroll of brand weapon {unknown}
 t - 3 scrolls of butterflies
 v - 3 scrolls of noise {unknown}
 w - 2 scrolls of teleportation {unknown}
 B - a scroll of vulnerability {unknown}
 G - a scroll of magic mapping {unknown}
Potions
 f - 2 potions of cancellation {unknown}
 g - 3 potions of mutation {unknown}
 h - a potion of ambrosia {unknown}
 k - 4 potions of curing
 m - 2 potions of heal wounds {unknown}
 o - a potion of berserk rage {unknown}
 p - 2 potions of might {unknown}
 u - 2 potions of attraction {unknown}
 x - 2 potions of lignification {unknown}
 z - a potion of flight {unknown}
 D - 2 potions of brilliance {unknown}
 F - a potion of invisibility {unknown}


   Skills:
 - Level 2.1 Dodging
 - Level 2.0 Stealth
 + Level 5.1 Spellcasting
 + Level 6.8 Conjurations
 * Level 10.4 Air Magic


You had 14 spell levels left.
You knew the following spells:

 Your Spells              Type           Power      Damage    Failure   Level
d - Static Discharge      Conj/Air       47%        3-9/arc   1%          2
s - Shock                 Conj/Air       100%       1d9       1%          1

Your spell library contained the following spells:

 Spells                   Type           Power      Damage    Failure   Level
 Swiftness                Air            54%        N/A       1%          3
 Airstrike                Air            27%        2d(4-20)  1%          4
 Beastly Appendage        Tmut           12%        N/A       9%          1
 Ensorcelled Hibernation  Hex/Ice        12%        N/A       13%         2
 Passwall                 Tmut/Erth      5%         N/A       13%         2
 Wereblood                Tmut           6%         N/A       13%         2
 Spider Form              Tmut/Pois      6%         N/A       26%         3
 Cause Fear               Hex            3%         N/A       65%         4
 Dispersal                Tloc           3%         N/A       100%        6
 Dragon Form              Tmut           3%         N/A       100%        7
 Disjunction              Tloc           3%         N/A       100%        8
 Dragon's Call            Summ           3%         N/A       100%        9


Dungeon Overview and Level Annotations

Branches:
Dungeon (6/15)             Temple (1/1) D:6

Altars:
Cheibriados
Dithmenos
Elyvilon
Gozag
Makhleb
Okawaru
Qazlal
Trog
Vehumet
Xom
Yredelemnul
Zin
The Shining One


Innate Abilities, Weirdness & Mutations

You have a beak for a mouth.
You have claws for feet.
Your magical nature lets you fly swiftly and evasively.


Message History

An orc priest comes into view. It is wielding a +0 club.
The orc wizard shouts!
The orc priest shouts!
You hear a shout! x2
The orc wizard mumbles some strange words.
The orc wizard flickers and vanishes!
Deactivating autopickup; reactivate with Ctrl-A.
An orc warrior and an orc wizard come into view.
The orc warrior shouts!
The orc wizard mumbles some strange words.
The orc wizard flickers and vanishes!
Casting: Static Discharge (safe; 1% risk of failure)
Confirm with . or Enter, or press ? or * to list all spells.
The phantom is struck by an arc of lightning.
The phantom is moderately damaged.
You are struck by an arc of lightning.
The phantom is struck by an arc of lightning.
The phantom is moderately damaged.
You are struck by an arc of lightning.
The lightning grounds out.
The phantom misses you.
Casting: Static Discharge (safe; 1% risk of failure)
Confirm with . or Enter, or press ? or * to list all spells.
The phantom is struck by an arc of lightning!
The phantom is severely damaged.
You are struck by an arc of lightning.
The lightning grounds out.
An orc priest comes into view. It is wielding a +0 hand axe.
The phantom hits you.
The phantom blinks!
You blink.
The orc priest moves out of view.
Casting: Static Discharge (safe; 1% risk of failure)
Confirm with . or Enter, or press ? or * to list all spells.
The phantom is struck by an arc of lightning!
You destroy the phantom!
Vehumet accepts your kill.
You are struck by an arc of lightning.
The orc priest calls down the wrath of Beogh upon you.
Beogh smites you!
The orc priest mumbles some strange prayers to Beogh against you.
Beogh smites you!
* * * LOW HITPOINT WARNING * * *
A puff of flame appears from out of thin air!
The puff of flame hits you!
You die...

..##...##.. ..#
#.#.#.#.#.# #.#
#.#..#((#.# #.#
#.#(#(#(#.# #.#
#.##(((##.###.##
...#####..##...#####o#
#.........#...{.o.o..#
#.......##..^.#######
###......#@#.##
######.#.#.# #.#.#.#
#.#.#.# ######.#.#.#
##..........#
#.....#.....#########
##♣....#.............#
#.♣............#####.#


You could see an orc warrior and an orc priest.

Vanquished Creatures
  2 water moccasins
  A black bear (D:5)
  4 phantoms
  2 centaurs
  A necrophage (D:4)
  2 scorpions
  A jelly (D:5)
  2 orc priests
  3 iguanas
  Ijyb (D:4)
  4 orc wizards
  6 adders
  A shadow imp (D:6)
  2 white imps (D:6)
  An ufetubus (D:4)
  A worm (D:4)
  A dart slug (D:1)
  18 orcs
  6 ball pythons
  9 endoplasms
  2 giant cockroaches
  4 goblins
  12 hobgoblins
  7 jackals
  2 quokkas
  10 bats
  6 frilled lizards
  5 kobolds
  6 rats
122 creatures vanquished.

Vanquished Creatures (others)
  5 dream sheep (D:5)
  4 toadstools (D:1)
9 creatures vanquished.

Grand Total: 131 creatures vanquished

Notes
Turn   | Place    | Note
-------+----------+-------------------------------------------
     0 | D:1      | Godmorgon the Tengu Air Elementalist began the quest for
                  | the Orb.
     0 | D:1      | Reached XP level 1. HP: 10/10 MP: 4/4
    63 | D:1      | Found a faded altar of an unknown god.
    99 | D:1      | Reached XP level 2. HP: 10/15 MP: 0/6
   102 | D:1      | Learned a level 2 spell: Static Discharge
   898 | D:1      | Reached XP level 3. HP: 15/19 MP: 4/7
  1142 | D:1      | Reached skill level 5 in Air Magic
  2068 | D:2      | Found a shimmering altar of Xom.
  2581 | D:3      | Reached XP level 4. HP: 23/24 MP: 5/8
  3100 | D:3      | Found a basalt altar of Yredelemnul.
  3616 | D:3      | Reached skill level 6 in Air Magic
  3616 | D:3      | Gained mutation: Your magical nature lets you fly swiftly
                  | and evasively. [Tengu growth]
  3616 | D:3      | Reached XP level 5. HP: 27/28 MP: 3/10
  4243 | D:4      | Reached XP level 6. HP: 30/32 MP: 4/11
  4319 | D:4      | Found a shadowy altar of Dithmenos.
  4330 | D:4      | Reached skill level 7 in Air Magic
  4906 | D:4      | Found a radiant altar of Vehumet.
  4937 | D:4      | Noticed Ijyb
  4939 | D:4      | Killed Ijyb
  5484 | D:4      | Reached XP level 7. HP: 31/36 MP: 6/13
  5713 | D:5      | Entered Level 5 of the Dungeon
  5719 | D:5      | Reached skill level 5 in Conjurations
  5719 | D:5      | Reached skill level 8 in Air Magic
  6367 | D:5      | Reached skill level 9 in Air Magic
  6368 | D:5      | Reached XP level 8. HP: 31/41 MP: 10/15
  6580 | D:5      | You are sucked into a shaft and drop 1 floor!
  6580 | D:6      | Found a glowing silver altar of Zin.
  6589 | D:6      | Noticed a +0 falchion
  6590 | D:6      | Noticed a +0 dagger
  6590 | D:6      | Noticed a +0 short sword
  6590 | D:6      | Noticed a +0 spear
  6590 | D:6      | Noticed a +0 dagger
  6593 | D:6      | Noticed a +0 spear
  6593 | D:6      | Noticed a +0 falchion
  6593 | D:6      | Noticed a +0 short sword
  7144 | D:5      | Noticed a dream sheep
  7144 | D:5      | Noticed a dream sheep
  7144 | D:5      | Noticed a dream sheep
  7144 | D:5      | Noticed a dream sheep
  7144 | D:5      | Noticed a dream sheep
  7144 | D:5      | Found a shimmering altar of Xom.
  7148 | D:5      | Killed a dream sheep
  7148 | D:5      | Killed a dream sheep
  7148 | D:5      | Killed a dream sheep
  7148 | D:5      | Killed a dream sheep
  7148 | D:5      | Killed a dream sheep
  7191 | D:6      | Reached skill level 10 in Air Magic
  7621 | D:6      | Reached skill level 5 in Spellcasting
  7754 | D:6      | Found a staircase to the Ecumenical Temple.
  7762 | Temple   | Entered the Ecumenical Temple
  7876 | D:4      | Became a worshipper of Vehumet
  7968 | D:6      | Killed from afar by an orc wizard

Illustrated notes

Levels and vault maps discovered:
D:1:      ldierk_water_garden, layout_loops_ring, basic_ecumenical_altar
D:2:      layout_loops_cross, basic_altar
D:3:      layout_loops_ring, mainiacjoe_overflow_tiny_flanked,
          minmay_misc_feat_iff
D:4:      layout_basic, mainiacjoe_overflow_cross_hatched,
          nicolae_dithmenos_the_darkroom, uniq_ijyb
D:5:      cheibrodos_iron_armory, layout_rooms, kb_xom_exploding_sheep
D:6:      layout_loops_ring, zin_academy, nicolae_uskayaw_en_pointe,
          minmay_temple_entry_hall
Temple:   hellmonk_temple_rainy

Skill      XL: |  1  2  3  4  5  6  7  8 |
---------------+-------------------------+-----
Conjurations   | 2 3 4 5 6 |  6.8
Air Magic      | 5 6 7 9 10 | 10.4
Spellcasting   | 3 4 5 |  5.1
Dodging        | |  2.1
Stealth        | |  2.0

Action                   |  1- 3 |  4- 6 |  7- 9 || total
-------------------------+-------+-------+-------++-------
Melee: Spear             |     8 |       |       ||     8
       Peck              |     1 |     1 |       ||     2
       Dagger            |       |    11 |       ||    11
       Kick              |       |     5 |       ||     5
 Cast: Shock             |    19 |    14 |     2 ||    35
       Static Discharge  |    32 |    54 |    37 ||   123
  Use: Scroll            |       |       |     4 ||     4
       Potion            |       |       |     1 ||     1
Armor: Robe              |     5 |    12 |     4 ||    21
Dodge: Dodged            |    17 |    34 |    18 ||    69
